 Dungeon Crawl Stone Soup version 0.31-a0-263-ge8cad7f256 (webtiles) character file.

Game seed: 2639576059491533844

162 qw the Shooter (level 5, -1/30 HPs)
             Began as a Gargoyle Hexslinger on July 13, 2023.
             Slain by Terence
             ... wielding a +0 flail
              (6 damage)
             ... on level 3 of the Dungeon.
             The game lasted 00:00:39 (1626 turns).

qw the Shooter (Gargoyle Hexslinger)                Turns: 1626, Time: 00:00:39

Health: -1/30      AC:  9    Str: 12    XL:     5   Next: 43%
Magic:  6/6        EV: 16    Int: 13    God:
Gold:   40         SH:  0    Dex: 20    Spells: 5/6 levels left

rFire   . . .        Y - +3 sling
rCold   . . .        (no shield)
rNeg    + . .        e - +0 ring mail
rPois   inf          (no helmet)
rElec   +            (no cloak)
rCorr   .            (no gloves)
SInv    .            (no boots)
Will    .....        (no amulet)
Stlth   +            d - +5 ring of evasion
HPRegen 0.25/turn    f - +6 ring of dexterity
MPRegen 0.10/turn

%: no passive effects
@: about to teleport
A: sickness immunity, AC +4, negative energy resistance 1, electricity
resistance, torment resistance 1, petrification resistance
a: no special abilities


You were on level 3 of the Dungeon.
You visited 1 branch of the dungeon, and saw 4 of its levels.

You collected 40 gold pieces.


Innate Abilities, Weirdness & Mutations

You are immune to sickness and miasma.
Your stone body is resilient. (AC +4)
You are immune to poison.
You resist negative energy. (rN+)
You are resistant to electric shocks. (rElec)
You are resistant to unholy torment.
You are immune to petrification.


   Skills:
 - Level 2.0 Fighting
 + Level 4.3 Ranged Weapons
 - Level 2.8 Armour
 - Level 1.5 Dodging
 - Level 1.0 Spellcasting
 - Level 2.6 Hexes


You had 5 spell levels left.
You knew the following spells:

 Your Spells              Type           Power      Damage    Failure   Level
a - Slow                  Hex            28%        N/A       21%         1

Your spell library contained the following spells:

 Spells                   Type           Power      Damage    Failure   Level
 Inner Flame              Hex/Fire       4%         N/A       71%         3
 Portal Projectile        Hex/Tloc       8%         N/A       71%         3
 Cause Fear               Hex            3%         N/A       90%         4

Inventory:

Hand Weapons
 Y - a +3 sling (weapon)
Armour
 e - a +0 ring mail (worn)
Jewellery
 d - a +5 ring of evasion (left hand)
 f - a +6 ring of dexterity (right hand)
Scrolls
 b - a scroll of identify
Potions
 c - a potion of curing
 j - a potion of heal wounds {unknown}

Dungeon Overview and Level Annotations

Branches:
Dungeon (4/15)
 Temple: D:4-7

Altars:

Annotations:
D:3 Terence


Message History

Where to? (* - list waypoints, Enter - D:2, ? - help)
What level of the Dungeon? (default 1, ? - help)
You now have 40 gold pieces (gained 7).
There is a stone staircase leading up here.
You climb upwards.
Terence shouts!
You hear a shout!
Found a leather armour.
Found two stone staircases leading up.
There is a stone staircase leading down here.
Terence is nearby!
Waypoint 3 assigned to D:3.
You shoot a sling bullet.
The sling bullet completely misses Terence.
You shoot a sling bullet. The sling bullet hits Terence.
Terence is lightly wounded.
You shoot a sling bullet. The sling bullet hits Terence!
Terence is heavily wounded.
Terence zaps a wand.
The puff of flame hits you!
A hobgoblin comes into view.
You shoot a sling bullet. The sling bullet hits Terence.
Terence is heavily wounded.
Terence hits you with a +0 flail!
You shoot a sling bullet. The sling bullet hits Terence.
Terence is severely wounded.
A ball python comes into view.
Terence hits you but does no damage.
You shoot a sling bullet. The ball python hisses angrily.
The sling bullet hits Terence.
Terence is severely wounded.
Terence barely misses you.
You shoot a sling bullet.
The sling bullet hits Terence but does no damage.
Terence is severely wounded.
Terence closely misses you. x2
You shoot a sling bullet. The sling bullet barely misses Terence.
Terence hits you with a +0 flail.
1626 ||| READING scroll of teleportation.
As you read the scroll of teleportation, it crumbles to dust.
You feel strangely unstable. Terence hits you with a +0 flail.
You die...

.....##..[#
......#...#
..........#
...<......#
........<.#
..........#
.....Sg@..#
#@.# #.##
#.# #.# #.#
..# ..# #.#


You could see Terence, a hobgoblin and a ball python.

Vanquished Creatures
  A scorpion (D:4)
  An iguana (D:4)
  3 adders
  A worm (D:2)
  A dart slug (D:1)
  5 ball pythons
  2 bats
  2 endoplasms (D:1)
  A giant cockroach (D:1)
  6 hobgoblins
  5 jackals
  2 quokkas
  3 frilled lizards
  4 goblins
  3 kobolds
  A rat (D:1)
41 creatures vanquished.

Notes
Turn   | Place    | Note
-------+----------+-------------------------------------------
     0 | D:1      | qw the Gargoyle Hexslinger began the quest for the Orb.
     0 | D:1      | Reached XP level 1. HP: 12/12 MP: 2/2
     0 | D:1      | 0 ||| qw: Version: 0.3-a-52-g30416fa
     0 | D:1      | 0 ||| qw: Game counter: 7428
     0 | D:1      | 0 ||| qw: Melee chars always use a shield: true
     0 | D:1      | 0 ||| qw: God list: Okawaru
     0 | D:1      | 0 ||| qw: Allow faded altars: false
     0 | D:1      | 0 ||| qw: Do Orc after clearing Dungeon:15 true
     0 | D:1      | 0 ||| qw: Do second Lair branch before Depths: true
     0 | D:1      | 0 ||| qw: Lair rune preference: random
     0 | D:1      | 0 ||| qw: Goals: Normal
     0 | D:1      | 0 ||| PLANNING D:1-11
    95 | D:1      | Reached XP level 2. HP: 15/16 MP: 3/3
   260 | D:1      | Reached skill level 3 in Ranged Weapons
   634 | D:1      | Reached XP level 3. HP: 19/21 MP: 4/4
   926 | D:1      | 926 ||| UPGRADING to +0 ring mail.
   936 | D:1      | 936 ||| DROPPING +0 robe.
   937 | D:1      | 937 ||| READING 2 scrolls labelled QIAPHU JIDOE.
   938 | D:1      | 938 ||| READING scroll of enchant weapon.
   938 | D:1      | 938 ||| ENCHANTING +2 sling.
   939 | D:1      | 939 ||| READING scroll labelled GISYEM PEO.
   940 | D:1      | 940 ||| READING scroll labelled JEPSAA VIOLEO.
   944 | D:1      | 944 ||| READING scroll labelled KEGASAHORUBI.
   945 | D:1      | 945 ||| READING scroll labelled CEOS EJE DERAW.
   946 | D:1      | 946 ||| READING scroll labelled CEAHIT UJUDA.
   947 | D:1      | 947 ||| DROPPING scroll of poison.
   980 | D:2      | 980 ||| STAIRDANCE
  1262 | D:2      | Reached XP level 4. HP: 24/26 MP: 5/5
  1292 | D:2      | You fall into a shaft and drop 2 floors!
  1325 | D:4      | Reached skill level 4 in Ranged Weapons
  1358 | D:4      | Noticed a scorpion
  1366 | D:4      | Killed a scorpion
  1367 | D:4      | Reached XP level 5. HP: 20/30 MP: 6/6
  1605 | D:4      | 1605 ||| UPGRADING to +5 ring of evasion.
  1606 | D:4      | 1606 ||| UPGRADING to +6 ring of dexterity.
  1607 | D:4      | 1607 ||| READING 2 scrolls of identify.
  1607 | D:4      | 1607 ||| IDENTIFYING blue potion
  1617 | D:3      | Noticed Terence
  1625 | D:3      | HP: 5/30 [Terence/+0 flail (6)]
  1626 | D:3      | 1626 ||| READING scroll of teleportation.
  1626 | D:3      | Slain by Terence

Levels and vault maps discovered:
D:1:      dpeg_arrival_windows_large_door, layout_basic, minivault_25
D:2:      layout_basic, chequers_garden
D:3:      layout_rooms, okawaru_ov_weapons_minmay, mainiacjoe_overflow_alcove_2,
          dk_vineyard_2, uniq_terence
D:4:      layout_cave_pods, lemuel_doored_altar, minmay_misc_feat_chi

Skill      XL: |  1  2  3  4 |
---------------+-------------+-----
Ranged Weapons | 3 4 |  4.3
Fighting       | 2 |  2.0
Armour         | 2 |  2.8
Dodging        | |  1.5
Spellcasting   | |  1.0
Hexes          | |  2.6

Action                     |  1- 3 |  4- 6 || total
---------------------------+-------+-------++-------
   Fire: Sling             |    99 |    47 ||   146
    Use: Scroll            |     7 |     2 ||     9
 Armour: Robe              |     6 |       ||     6
         Ring mail         |     5 |    22 ||    27
  Dodge: Dodged            |    27 |    23 ||    50

Table legend:
 A = Non-vault XP
 B = Vault XP
 C = Vault XP percentage of total XP
 D = Non-vault monster count
 E = Vault monster count
 F = Vault count percentage of total count
                 A         B        C        D         E       F
            +---------+---------+-------+---------+---------+-------
      Total |     232 |       0 |   0.0 |      41 |       0 |   0.0
            +---------+---------+-------+---------+---------+-------
        D:1 |      55 |       0 |   0.0 |      23 |       0 |   0.0
        D:2 |      37 |       0 |   0.0 |       8 |       0 |   0.0
        D:4 |     140 |       0 |   0.0 |      10 |       0 |   0.0
            +---------+---------+-------+---------+---------+-------
